 Dungeon Crawl Stone Soup version 0.27.1-34-g3ba077fa99 (webtiles) character file.

Game seed: 1857359028610832473

119 Arum the Shield-Bearer (level 5, -13/42 HPs)
             Began as a Formicid Fighter on Jan 3, 2022.
             Mangled by Menkaure (14 damage)
             ... on level 4 of the Dungeon.
             The game lasted 00:03:44 (2292 turns).

Arum the Shield-Bearer (Formicid Fighter)           Turns: 2292, Time: 00:03:45

Health: -13/42     AC:  9    Str: 21    XL:     5   Next: 24%
Magic:  5/5        EV:  8    Int:  7    God:
Gold:   126        SH:  9    Dex: 11    Spells: 4/4 levels left

rFire    . . .     SeeInvis +   a - +0 quarterstaff
rCold    . . .     Faith    .   c - +0 kite shield
rNeg     . . .     Spirit   .   b - +0 scale mail
rPois    .         Reflect  .   (helmet unavailable)
rElec    .         Harm     .   e - +0 cloak
rCorr    .         Rampage  .   (no gloves)
Will     .....                  h - +0 pair of boots
Stlth    ..........             (no amulet)
HPRegen  0.14/turn              (no ring)
MPRegen  0.09/turn              (no ring)

@: mighty, attractive
A: permanent stasis, dig shafts and tunnels, antennae 3, four strong arms
a: Dig, Shaft Self


You were on level 4 of the Dungeon.
You visited 1 branch of the dungeon, and saw 4 of its levels.

You collected 126 gold pieces.

Inventory:

Hand Weapons
 a - a +0 quarterstaff (weapon)
Armour
 b - a +0 scale mail (worn)
 c - a +0 kite shield (worn)
 e - a +0 cloak (worn)
 h - a +0 pair of boots (worn)
Wands
 k - a wand of iceblast (6)
Scrolls
 f - a scroll of vulnerability
 g - 2 scrolls of identify
 j - a scroll of enchant weapon


   Skills:
 + Level 4.2 Fighting
 + Level 3.0 Staves
 + Level 4.1 Armour
 + Level 4.5 Shields


You had 4 spell levels left.
You didn't know any spells.
Your spell library contained the following spells:

 Spells                   Type           Power      Damage    Failure   Level
 Conjure Flame            Conj/Fire      0%         6-21      100%        3
 Ignite Poison            Fire/Tmut/Pois 0%         N/A       100%        3
 Sticky Flame             Conj/Fire      0%         2d3       100%        4


Dungeon Overview and Level Annotations

Branches:
Dungeon (4/15)
 Temple: D:4-7

Altars:
Hepliaklqana

Annotations:
D:4 Menkaure


Innate Abilities, Weirdness & Mutations

You cannot be hasted, slowed, berserked, paralysed or teleported.
You can dig through walls and to a lower floor.
You have a pair of large antennae on your head. (SInv)
Your four strong arms can wield two-handed weapons with a shield.


Message History

You thump Menkaure!
Menkaure is heavily damaged.
Menkaure mumbles some strange words.
Menkaure seems to speed up.
You barely miss Menkaure.
Menkaure is heavily damaged.
Menkaure hits you. Menkaure hits you but does no damage.
You hit Menkaure.
Menkaure is heavily damaged.
Menkaure hits you!
Menkaure calls on the powers of darkness!
Your body is wracked with pain!
* * * LOW HITPOINT WARNING * * *
You are too injured to fight recklessly!
You are too injured to fight recklessly!
Unknown command.
You barely miss Menkaure.
Menkaure is heavily damaged.
You block Menkaure's attack.
You barely miss Menkaure.
Menkaure is heavily damaged.
Menkaure hits you!
* * * LOW HITPOINT WARNING * * *
Menkaure misses you.
You barely miss Menkaure.
Menkaure is heavily damaged.
Menkaure closely misses you.
You closely miss Menkaure.
Menkaure is heavily damaged.
Menkaure closely misses you.
Menkaure calls on the powers of darkness!
You feel a surge of unholy energy.
You feel better. Menkaure hits you!
* * * LOW HITPOINT WARNING * * *
It was a potion of attraction.
You feel attractive to monsters. You block Menkaure's attack.
You feel very mighty all of a sudden. Menkaure hits you!
You die...

..... .....
...... )..M..
....# ######
... #..M.# #
#.##.##@#
...#.....#.#
##......##.#
.........(..>#
##.#..######<#
#. #.. ### #
#.. #. ..


You could see Menkaure (fast).

Vanquished Creatures
  6 adders
  3 worms
  A dart slug (D:2)
  6 ball pythons
  5 bats (D:3)
  4 endoplasms
  3 giant cockroaches
  4 goblins
  3 hobgoblins
  5 jackals
  2 kobolds (D:1)
  6 quokkas (D:2)
  3 frilled lizards
  3 rats
54 creatures vanquished.

Vanquished Creatures (others)
  55 plants
55 creatures vanquished.

Grand Total: 109 creatures vanquished

Notes
Turn   | Place    | Note
-------+----------+-------------------------------------------
     0 | D:1      | Arum the Formicid Fighter began the quest for the Orb.
     0 | D:1      | Reached XP level 1. HP: 18/18 MP: 1/1
   118 | D:1      | Reached XP level 2. HP: 24/24 MP: 2/2
   669 | D:2      | Found a faded altar of an unknown god.
   711 | D:2      | Found a hazy altar of Hepliaklqana.
   725 | D:2      | Reached XP level 3. HP: 25/29 MP: 3/3
  1046 | D:2      | Reached XP level 4. HP: 37/37 MP: 4/4
  1850 | D:3      | Reached XP level 5. HP: 42/42 MP: 5/5
  2268 | D:4      | Noticed Menkaure
  2290 | D:4      | HP: 1/42 [Menkaure (9)]
  2292 | D:4      | Mangled by Menkaure

Illustrated notes

Levels and vault maps discovered:
D:1:      dpeg_arrival_rooms_b, layout_rooms
D:2:      wad_woods_stonehenge, layout_rooms,
          chequers_ecumenical_altar_simple_redux, hangedman_decor_growths,
          minmay_pentomino_o4
D:3:      layout_rooms, serial_bayou_lagoon_a
D:4:      minmay_bubble_buster, layout_basic, mainiacjoe_overflow_divided_tiny,
          minmay_temple_entry_large_hall, uniq_menkaure

Skill      XL: |  1  2  3  4  5 |
---------------+----------------+-----
Shields        | 4 |  4.5
Fighting       | 4 |  4.2
Armour         | 4 |  4.1
Staves         | 3 |  3.0

Action                   |  1- 3 |  4- 6 || total
-------------------------+-------+-------++-------
Melee: Quarterstaff      |    68 |   106 ||   174
 Abil: Dig               |       |     2 ||     2
  Use: Scroll            |       |     7 ||     7
       Potion            |       |     3 ||     3
Armor: Scale mail        |    32 |    56 ||    88
Dodge: Dodged            |    19 |    36 ||    55
Block: Kite shield       |    35 |    63 ||    98
